Map: Eternal Empire LE

Players

Robbie (Rob) - Winner!

  • Race: Protoss Protoss
  • League: Grandmaster
  • Spawn Location: 1:00

PiLiPiLi

  • Race: Protoss Protoss
  • League: Grandmaster
  • Spawn Location: 7:00

Event: DreamHack SC2 Masters 2020 Fall

VOD

Have the link to the VOD?

Description

Time

  • Played on: Sept. 1, 2020, 5:24 p.m.
  • Length: 7:22

All games in this series

Show
View Real Time Build Order
Export as new Build Order

Robbie Protoss - Winner!

Build Orders: Proxy Void Ray 

Get SALT Encoding   

  12  0:00  Probe  
  13  0:12  Probe  
  14  0:18  Pylon  
  14  0:24  Probe (Chrono Boost)  
  15  0:36  Probe (Chrono Boost)  
  15  0:37  Gateway  
  16  0:45  Probe (Chrono Boost)  
  16  0:46  Assimilator  
  17  0:51  Probe  
  17  0:55  Assimilator  
  18  1:03  Probe  
  19  1:09  Gateway  
  19  1:15  Probe  
  20  1:25  Cybernetics Core  
  20  1:28  Probe  
  21  1:40  Probe  
  22  1:49  Pylon  
  22  1:52  Probe  
  23  1:55  Pylon  
  23  2:05  Adept x2 (Chrono Boost)  
  27  2:15  Stargate  
  27  2:27  Stalker  
  29  2:32  Stalker  
  29  2:35  Probe  
  32  2:52  Void Ray (Chrono Boost)  
  36  2:58  Pylon  
  36  3:05  Warp Gate  
  36  3:15  Pylon  
  36  3:23  Shield Battery  
  36  3:27  Void Ray (Chrono Boost)  
  39  3:34  Probe  
  36  3:45  Shield Battery  
  36  3:46  Probe  
  35  3:59  Probe  
  36  4:03  Void Ray (Chrono Boost)  
  39  4:20  Probe  
  40  4:28  Pylon  
  40  4:36  Probe  
  40  4:37  Void Ray (Chrono Boost)  
  45  4:48  Shield Battery  
  45  4:51  Shield Battery  
  43  5:05  Void Ray (Chrono Boost)  
  42  5:07  Probe  
  42  5:13  Shield Battery  
  46  5:23  Probe  
  47  5:35  Void Ray (Chrono Boost)  
  47  5:39  Shield Battery  
  49  6:00  Probe  
  47  6:11  Void Ray  
  47  6:14  Probe  
  52  6:30  Pylon  
  52  6:56  Shield Battery  
  52  6:57  Shield Battery  
Show
View Real Time Build Order
Export as new Build Order

PiLiPiLi Protoss 

Build Orders: Oracle Opening, Phoenix Opening 

Get SALT Encoding   

  12  0:00  Probe  
  13  0:12  Probe  
  14  0:17  Pylon  
  14  0:24  Probe (Chrono Boost)  
  15  0:37  Gateway, Probe (Chrono Boost)  
  16  0:44  Probe (Chrono Boost)  
  16  0:46  Assimilator  
  17  0:51  Probe  
  17  0:54  Assimilator  
  18  1:03  Probe  
  19  1:09  Gateway  
  19  1:15  Probe (Chrono Boost)  
  20  1:24  Cybernetics Core  
  20  1:28  Probe (Chrono Boost)  
  21  1:33  Probe (Chrono Boost)  
  21  1:39  Pylon  
  22  1:45  Probe  
  23  2:01  Stargate  
  23  2:04  Stalker  
  23  2:07  Warp Gate  
  27  2:18  Probe  
  28  2:25  Pylon  
  27  2:39  Stalker  
  27  2:41  Oracle (Chrono Boost)  
  27  2:48  Probe  
  27  2:50  Shield Battery  
  31  3:00  Probe  
  31  3:01  Shield Battery  
  32  3:10  Oracle (Chrono Boost)  
  35  3:20  Pylon  
  35  3:25  Probe  
  33  3:41  Probe  
  31  3:51  Phoenix  
  31  3:52  Shield Battery  
  33  3:56  Stalker x2  
  33  4:01  Probe  
  36  4:06  Shield Battery  
  36  4:21  Stalker x2  
  40  4:35  Shield Battery, Pylon  
  40  4:36  Pylon  
  40  4:54  Stalker  
  40  4:55  Stalker  
  42  5:02  Oracle (Chrono Boost)  
  42  5:11  Shield Battery  
  42  5:14  Gateway  
  42  5:24  Shield Battery  
  40  5:33  Stalker  
  41  5:38  Stalker  
  43  5:46  Shield Battery  
  41  6:03  Stalker  
  38  6:15  Stalker x2  
  38  6:28  Stalker  
  40  6:38  Stalker  
  42  6:40  Stalker  
  42  6:52  Stalker  
  38  7:04  Stalker x2  
  30  7:16  Stalker  

Tags
 
Add a new tag
Caveats
  • Supply blocks, unpowered buildings, or Contaminate may cause inaccurate times.
  • Supply counts are checked every 10 seconds.